 Dungeon Crawl Stone Soup version 0.29-a0-371-g91724d5b39 (webtiles) character file.

Game seed: 14433429775284186772

6127 spaghetti the Spear-Bearer (level 10, -5/76 HPs)
             Began as a Gnoll Wanderer on May 2, 2022.
             Was an Initiate of Yredelemnul.
             Slain by a two-headed ogre
             ... wielding a +0 giant club
              (21 damage)
             ... on level 9 of the Dungeon.
             The game lasted 00:13:38 (7509 turns).

spaghetti the Spear-Bearer (Gnoll Wanderer)         Turns: 7509, Time: 00:13:39

Health: -5/76      AC: 10    Str: 15    XL:     10   Next: 89%
Magic:  27/27      EV: 15    Int:  9    God:    Yredelemnul [......]
Gold:   427        SH:  0    Dex: 14    Spells: 15/20 levels left

rFire   . . .      SeeInvis .   p - +11 short sword "Cemmur" {pain, MP+9, short}
rCold   . . .      Faith    .   v - orb {light}
rNeg    + . .      Spirit   .   D - +0 troll leather armour {Pargi}
rPois   +          Reflect  .   c - +0 helmet
rElec   .          Harm     .   U - +2 ratskin cloak {*Rats rPois rN+ Str-1 Int-1 Dex+1}
rCorr   .          Rampage  .   (no gloves)
Will    .....                   G - +0 pair of boots
Stlth   +.........              V - amulet of regeneration {@e2}
HPRegen 1.82/turn               (no ring)
MPRegen 0.20/turn               (no ring)

@: glowing
A: fangs 1, strong nose, distributed training
a: Renounce Religion, Recall Undead Harvest


You were on level 9 of the Dungeon.
You worshipped Yredelemnul.
Yredelemnul was noncommittal.
You visited 2 branches of the dungeon, and saw 10 of its levels.

You collected 479 gold pieces.
You spent 52 gold pieces at shops.


Innate Abilities, Weirdness & Mutations

You have very sharp teeth.
Your uncanny sense of smell can sniff out nearby items.
Your experience applies equally to all skills.


   Skills:
 + Level 5.7 Fighting
 + Level 5.7 Short Blades
 + Level 7.4 Long Blades
 + Level 5.7 Axes
 + Level 5.7 Maces & Flails
 + Level 10.3 Polearms
 + Level 5.7 Staves
 + Level 5.7 Slings
 + Level 5.7 Bows
 + Level 5.7 Crossbows
 + Level 5.7 Throwing
 + Level 6.3 Armour
 + Level 7.4 Dodging
 + Level 6.2 Stealth
 + Level 5.7 Shields
 + Level 5.7 Unarmed Combat
 + Level 5.7 Spellcasting
 + Level 4.7 Conjurations
 + Level 4.7 Hexes
 + Level 4.7 Summonings
 + Level 4.7 Necromancy
 + Level 4.7 Translocations
 + Level 4.7 Transmutations
 + Level 4.7 Fire Magic
 + Level 4.7 Ice Magic
 + Level 4.7 Air Magic
 + Level 4.7 Earth Magic
 + Level 4.7 Poison Magic
 + Level 6.2 Invocations
 + Level 5.7 Evocations


You had 15 spell levels left.
You knew the following spells:

 Your Spells              Type           Power      Damage    Failure   Level
a - Poisonous Vapours     Pois/Air       22%        N/A       6%          2
b - Swiftness             Air            11%        N/A       12%         3

Your spell library contained the following spells:

 Spells                   Type           Power      Damage    Failure   Level
 Apportation              Tloc           22%        N/A       4%          1
 Sting                    Tmut/Pois      44%        1d5       4%          1
 Ensorcelled Hibernation  Hex/Ice        22%        N/A       6%          2
 Passwall                 Tmut/Erth      9%         N/A       6%          2
 Spider Form              Tmut/Pois      11%        N/A       12%         3
 Anguish                  Hex/Necr       5%         N/A       36%         4
 Olgreb's Toxic Radiance  Pois           11%        N/A       36%         4
 Alistair's Intoxication  Tmut/Pois      7%         N/A       73%         5

Inventory:

Hand Weapons
 a - a +2 spear {polearm}
 b - a +0 falchion {long}
 p - the +11 short sword "Cemmur" (weapon) {pain, MP+9, short}
   (You found it on level 2 of the Dungeon)

   In the hands of one skilled in necromantic magic, it inflicts extra damage on
   living creatures.
   MP:        It affects your magic capacity (+9).
Missiles
 s - 173 stones (quivered) {throwing}
 t - 38 poisoned darts {throwing}
 M - 6 datura-tipped darts {throwing}
 R - 4 boomerangs {throwing}
Armour
 c - a +0 helmet (worn)
 e - a +0 leather armour
 v - an orb of light (worn)
   (You found it on level 2 of the Dungeon)
 D - a +0 troll leather armour (worn) {Pargi}
   (You found it on level 4 of the Dungeon)
 G - a +0 pair of boots (worn)
   (You found it on level 5 of the Dungeon)
 L - a +0 cloak
   (You found it on level 6 of the Dungeon)
 U - the +2 ratskin cloak (worn) {*Rats rPois rN+ Str-1 Int-1 Dex+1}
   (You found it on level 8 of the Dungeon)

   When the wearer is hurt, rats may emerge from it to assist them.
   Str:       It affects your strength (-1).
   Int:       It affects your intelligence (-1).
   Dex:       It affects your dexterity (+1).
   rPois:     It protects you from poison.
   rN:        It protects you from negative energy.
Magical Staves
 Y - a staff of earth {!astaff}
   (You found it on level 9 of the Dungeon)
Jewellery
 h - an amulet of guardian spirit
   (You found it on level 1 of the Dungeon)
 q - a ring of ice
   (You found it on level 2 of the Dungeon)
 H - the amulet of the Air {Inacc Air Fly rElec RMsl}
   (You found it on level 5 of the Dungeon)

   [amulet of nothing]

   It reduces the accuracy of all your attacks.
   It enhances your air magic.
   rElec:     It insulates you from electricity.
   Fly:       It grants you flight.
   RMsl:      It protects you from missiles.
 J - a ring of fire
   (You found it on level 6 of the Dungeon)
 Q - a ring of protection from fire
   (You found it on level 7 of the Dungeon)
 V - an amulet of regeneration (around neck) {@e2}
   (You found it on level 9 of the Dungeon)
Wands
 K - a wand of iceblast (6)
   (You found it on level 6 of the Dungeon)
 S - a wand of flame (14)
   (You found it on level 8 of the Dungeon)
Scrolls
 g - 2 scrolls of blinking {!r}
 i - a scroll of brand weapon
 j - 3 scrolls of teleportation {@r4}
 n - a scroll of fear
 r - a scroll of noise {!r}
 u - 2 scrolls of enchant armour
 w - a scroll of fog
 x - 2 scrolls of summoning
 y - a scroll of magic mapping {!r}
 A - a scroll of amnesia
 B - 2 scrolls of vulnerability {!r!r}
 E - a scroll of enchant weapon
 O - a scroll of torment {!r}
 W - a scroll of holy word {forbidden}
 Z - a scroll of immolation {!r!r}
Potions
 d - 3 potions of brilliance
 f - 2 potions of degeneration {unknown}
 k - 3 potions of attraction {unknown}
 l - 2 potions of magic {unknown}
 m - 8 potions of curing {unknown}
 o - 6 potions of mutation {unknown}
 z - a potion of heal wounds {unknown}
 C - a potion of might {unknown}
 F - a potion of cancellation {unknown}
 I - a potion of ambrosia {unknown}
 N - a potion of invisibility {unknown}
 P - 2 potions of lignification {unknown}
 T - a potion of berserk rage {unknown}

Dungeon Overview and Level Annotations

Branches:
Dungeon (9/15)             Temple (1/1) D:4
   Lair: D:8-11         Orc: D:9-12

Altars:
Ashenzari
Cheibriados
Dithmenos
Elyvilon
Fedhas
Gozag
Hepliaklqana
Kikubaaqudgha
Makhleb
Nemelex Xobeh
Okawaru
Qazlal
Ru
Sif Muna
Trog
Uskayaw
Vehumet
Wu Jian
Xom
Yredelemnul
Zin
The Shining One

Shops:
D:5

((*? # .......... #
......... # .........
########## .......o
.......... ..o.o#
#####... #..o# #.##
#####.Do#############.##
...(.YY@.r.o............
..g..oOYzzo.............
...gzgzW.o..............
.....).#################
.....g. # ....... ######
....... ∆ ...... ......#
...... ######


You could see a two-headed ogre (ally target), 3 yaks, a steam dragon, a shadow
(invisible, ally target), 2 friendly orc warriors, a friendly gnoll shaman
(summoned), 5 friendly wights, 3 friendly gnolls, a friendly river rat and 7
friendly orcs.


Message History

😎 HP[+6]
Your hp is fully restored (76).
X - a scroll of identify {@r1} Your hell rat returns to the shadows of the Dungeon!
X - 2 scrolls of identify {@r1} (gained 1)
Y - a staff of earth {!astaff}
Z - a scroll labelled FAGEUG WEREPN A yak comes into view.
As you read the scroll of identify {@r1}, it crumbles to dust.
W - a scroll of holy word
As you read the scroll of identify {@r1}, it crumbles to dust.
Z - a scroll of immolation The yak bellows!
A two-headed ogre comes into view. It is wielding two +0 giant clubs.
A steam dragon comes into view.
You throw a stone {throwing}. The steam dragon hisses angrily.
The two-headed ogre shouts in stereo!
The stone {throwing} hits the yak but does no damage.
A yak comes into view. 2 yaks come into view.
The yak bellows!
A shadow comes into view.
The yak bellows!
You hit the yak but do no damage.
The yak writhes in agony.
You bite the yak, but do no damage. The steam dragon breathes steam at you.
The ball of steam hits you! The yak gores you.
Your yak zombie closely misses the yak.
You are too injured to fight recklessly!
You are too injured to fight recklessly!
You are too injured to fight recklessly!
You are too injured to fight recklessly! 😕 HP[-16]
You take 16 damage, and now have 60/76 hp.
MASSIVE DAMAGE!! (PAUSE) Unknown command.
You hit the yak.
The yak writhes in agony.
You are engulfed in a cloud of scalding steam.
The yak closely misses you. 😕 HP[+1]
You puncture the yak!
The yak writhes in agony.
You are engulfed in a cloud of scalding steam.
Your yak zombie gores the yak but does no damage.
The yak closely misses you.
The two-headed ogre hits your yak zombie with a +0 giant club!! x2 😕 HP[+1]
You hit the yak.
The yak writhes in agony. 😕 HP[+2]
You regained 2 hp, and now have 64/76 hp.
You hit the yak but do no damage.
The yak writhes in agony.
You bite the yak.
The yak is engulfed in a cloud of scalding steam.
The shadow slips into darkness.
The shadow flickers and vanishes!
Deactivating autopickup; reactivate with Ctrl-A.
The yak gores you but does no damage.
Your yak zombie gores the two-headed ogre.
The two-headed ogre hits your yak zombie with a +0 giant club!
Your yak zombie is destroyed! 😕 HP[+1]
You hit the yak. The yak closely misses you.
The yak is engulfed in a cloud of scalding steam. x2 😕 HP[+2]
You regained 2 hp, and now have 67/76 hp.
You puncture the yak!
You kill the yak!
The yak is engulfed in a cloud of scalding steam. x2
The yak gores you but does no damage. 😕 HP[+1]
You puncture the yak!
You are engulfed in a cloud of scalding steam.
The two-headed ogre hits you with a +0 giant club!!
A river rat scurries out from under your cloak.
The two-headed ogre barely misses you. The yak gores you but does no damage.
The steam dragon bites your river rat.
The steam dragon claws your river rat but does no damage.
The yak is engulfed in a cloud of scalding steam.
The yak gores your river rat!
Your river rat dies!
The yak closely misses you. 😮 HP[-23]
You take 23 damage, and now have 45/76 hp.
MASSIVE DAMAGE!! (PAUSE) Unknown command.
Okay, then.
As you read the scroll of summoning, it crumbles to dust.
Wisps of shadow whirl around you... The yak gores you!
A river rat scurries out from under your cloak.
The shadow completely misses your wight.
The yak gores you.
* * * LOW HITPOINT WARNING * * *
😨 HP[-7]
You take 7 damage, and now have 38/76 hp.
Unknown command.
You swap places.
The two-headed ogre attacks as you move away!
The two-headed ogre hits you with a +0 giant club!!
* * * LOW HITPOINT WARNING * * *
The two-headed ogre hits you with a +0 giant club!!
You die...
Your body rises from the dead as a mindless zombie.

Skill      XL: |  1  2  3  4  5  6  7  8  9 10 |
---------------+-------------------------------+-----
Fighting       | 1 2 3 4 5 |  5.7
Short Blades   | 1 2 3 4 5 |  5.7
Axes           | 1 2 3 4 5 |  5.7
Maces & Flails | 1 2 3 4 5 |  5.7
Staves         | 1 2 3 4 5 |  5.7
Slings         | 1 2 3 4 5 |  5.7
Bows           | 1 2 3 4 5 |  5.7
Crossbows      | 1 2 3 4 5 |  5.7
Throwing       | 1 2 3 4 5 |  5.7
Shields        | 1 2 3 4 5 |  5.7
Unarmed Combat | 1 2 3 4 5 |  5.7
Spellcasting   | 1 2 3 4 5 |  5.7
Invocations    | 1 2 3 4 5 6 |  6.2
Evocations     | 1 2 3 4 5 |  5.7
Conjurations   | 1 2 3 4 |  4.7
Hexes          | 1 2 3 4 |  4.7
Summonings     | 1 2 3 4 |  4.7
Necromancy     | 1 2 3 4 |  4.7
Translocations | 1 2 3 4 |  4.7
Transmutations | 1 2 3 4 |  4.7
Fire Magic     | 1 2 3 4 |  4.7
Ice Magic      | 1 2 3 4 |  4.7
Air Magic      | 1 2 3 4 |  4.7
Earth Magic    | 1 2 3 4 |  4.7
Poison Magic   | 1 2 3 4 |  4.7
Armour         | 3 4 5 6 |  6.3
Stealth        | 3 4 5 6 |  6.2
Long Blades    | 5 6 7 |  7.4
Dodging        | 5 6 7 |  7.4
Polearms       | 9 10 | 10.3

Action                   |  1- 3 |  4- 6 |  7- 9 | 10-12 || total
-------------------------+-------+-------+-------+-------++-------
Melee: Spear             |    46 |       |       |       ||    46
       Bite              |     3 |    10 |    27 |    24 ||    64
       Short sword       |    14 |   131 |   173 |   108 ||   426
Throw: Stone             |       |    87 |     2 |     4 ||    93
 Cast: Poisonous Vapours |       |     4 |     5 |       ||     9
       Swiftness         |       |       |     1 |       ||     1
Invok: Dark Bargain      |       |       |     6 |     2 ||     8
       Recall Undead Har |       |       |     1 |     1 ||     2
  Use: Scroll            |       |     9 |     4 |     3 ||    16
 Stab: Sleeping          |     3 |       |     2 |       ||     5
       Distracted        |       |     1 |       |     1 ||     2
Armor: Leather armour    |    19 |     9 |       |       ||    28
       Troll leather arm |       |     3 |    56 |    27 ||    86
Dodge: Dodged            |    32 |    72 |   132 |    75 ||   311

Levels and vault maps discovered:
D:1:      minmay_arrival_semitransparent, layout_rooms, st_stairs_6
D:2:      layout_loops_ring, serial_forest, infiniplex_forest_end_3,
          infiniplex_forest_clump_diagonal, infiniplex_forest_lined_3,
          infiniplex_forest_clump_diagonal, infiniplex_forest_lined_2,
          hellmonk_ecumenical_altar_pennies_from_heaven, minmay_joined_circles,
          uniq_jessica, uniq_robin
D:3:      layout_basic
D:4:      layout_loops_ring, cheibrodos_ashenzari_chains,
          lemuel_temple_firewalk_b, uniq_pargi
D:5:      layout_basic, serial_shops, nicolae_shop_advertising_works
          [nicolae_subvault_shop_adworks], nicolae_shop_stone, shop,
          nicolae_shop_stone, nicolae_shop_temple_entry_statues_fountains
D:6:      layout_loops_corners, minmay_circle_x
D:7:      minmay_the_grid_plus_closed [minmay_the_grid_dragon_b,
          minmay_the_grid_pillar_ring, minmay_the_grid_fan,
          minmay_the_grid_outer_diamond, minmay_the_grid_prize_inner_circle],
          layout_basic
D:8:      layout_loops_ring, uniq_pikel
D:9:      layout_long_grid, minmay_misc_feat_nine_boxes, nzn_sisyphean_effort
Temple:   compressed_dpeg_circular_temple

Notes
Turn   | Place    | Note
-------+----------+-------------------------------------------
     0 | D:1      | spaghetti the Gnoll Wanderer began the quest for the Orb.
     0 | D:1      | spaghetti set off with the following items: a +2 spear
                  | {polearm}, a +0 falchion {long}, a +0 helmet, a potion of
                  | brilliance, a +0 leather armour
     0 | D:1      | Reached XP level 1. HP: 13/13 MP: 1/1
     0 | D:1      | magus.rc [v1.9.6]
    28 | D:1      | Reached XP level 2. HP: 18/19 MP: 2/2
   373 | D:1      | Reached XP level 3. HP: 25/25 MP: 3/3
   570 | D:2      | Identified the +11 short sword "Cemmur" {pain, MP+9}
   968 | D:2      | Noticed Jessica
   977 | D:2      | Killed Jessica
   978 | D:2      | Reached skill level 1 in Fighting
   978 | D:2      | Reached skill level 1 in Short Blades
   978 | D:2      | Reached skill level 1 in Axes
   978 | D:2      | Reached skill level 1 in Maces & Flails
   978 | D:2      | Reached skill level 1 in Staves
   978 | D:2      | Reached skill level 1 in Slings
   978 | D:2      | Reached skill level 1 in Bows
   978 | D:2      | Reached skill level 1 in Crossbows
   978 | D:2      | Reached skill level 1 in Throwing
   978 | D:2      | Reached skill level 1 in Shields
   978 | D:2      | Reached skill level 1 in Unarmed Combat
   978 | D:2      | Reached skill level 1 in Spellcasting
   978 | D:2      | Reached skill level 1 in Invocations
   978 | D:2      | Reached skill level 1 in Evocations
   978 | D:2      | Reached XP level 4. HP: 26/32 MP: 5/5
  1068 | D:2      | Found a faded altar of an unknown god.
  1098 | D:2      | Noticed Robin
  1108 | D:2      | Killed Robin
  1153 | D:2      | Reached skill level 1 in Conjurations
  1153 | D:2      | Reached skill level 1 in Hexes
  1153 | D:2      | Reached skill level 1 in Summonings
  1153 | D:2      | Reached skill level 1 in Necromancy
  1153 | D:2      | Reached skill level 1 in Translocations
  1153 | D:2      | Reached skill level 1 in Transmutations
  1153 | D:2      | Reached skill level 1 in Fire Magic
  1153 | D:2      | Reached skill level 1 in Ice Magic
  1153 | D:2      | Reached skill level 1 in Air Magic
  1153 | D:2      | Reached skill level 1 in Earth Magic
  1153 | D:2      | Reached skill level 1 in Poison Magic
  1528 | D:2      | Reached XP level 5. HP: 37/37 MP: 6/6
  1533 | D:2      | You add the spells Sting, Poisonous Vapours and Olgreb's
                  | Toxic Radiance to your library.
  1760 | D:3      | Reached skill level 3 in Armour
  2162 | D:3      | Reached XP level 6. HP: 32/44 MP: 8/8
  2164 | D:3      | Reached skill level 2 in Invocations
  2531 | D:4      | Reached skill level 3 in Stealth
  2667 | D:4      | Found a broken altar of Ashenzari.
  2723 | D:4      | Noticed Pargi
  2733 | D:4      | Killed Pargi
  2734 | D:4      | Reached skill level 2 in Fighting
  2734 | D:4      | Reached skill level 2 in Short Blades
  2734 | D:4      | Reached skill level 5 in Long Blades
  2734 | D:4      | Reached skill level 2 in Axes
  2734 | D:4      | Reached skill level 2 in Maces & Flails
  2734 | D:4      | Reached skill level 2 in Staves
  2734 | D:4      | Reached skill level 2 in Slings
  2734 | D:4      | Reached skill level 2 in Bows
  2734 | D:4      | Reached skill level 2 in Crossbows
  2734 | D:4      | Reached skill level 2 in Throwing
  2734 | D:4      | Reached skill level 5 in Dodging
  2734 | D:4      | Reached skill level 2 in Shields
  2734 | D:4      | Reached skill level 2 in Unarmed Combat
  2734 | D:4      | Reached skill level 2 in Spellcasting
  2734 | D:4      | Reached skill level 2 in Evocations
  2735 | D:4      | Found a staircase to the Ecumenical Temple.
  2757 | Temple   | Entered the Ecumenical Temple
  2916 | Temple   | Became a worshipper of Yredelemnul the Dark
  3023 | D:4      | Learned a level 2 spell: Poisonous Vapours
  3098 | D:4      | You pick up a book of Dreams and begin reading...
  3098 | D:4      | You add the spells Ensorcelled Hibernation, Spider Form and
                  | Anguish to your library.
  3505 | D:5      | Entered Level 5 of the Dungeon
  3505 | D:5      | Found Loibui's Antique Weapon Emporium.
  3516 | D:5      | Reached * piety under Yredelemnul
  3632 | D:5      | Found Tolim's Antique Weapon Shoppe.
  3719 | D:5      | Reached XP level 7. HP: 51/51 MP: 7/10
  3800 | D:5      | Reached skill level 2 in Conjurations
  3800 | D:5      | Reached skill level 2 in Hexes
  3800 | D:5      | Reached skill level 2 in Summonings
  3800 | D:5      | Reached skill level 2 in Necromancy
  3800 | D:5      | Reached skill level 2 in Translocations
  3800 | D:5      | Reached skill level 2 in Transmutations
  3800 | D:5      | Reached skill level 2 in Fire Magic
  3800 | D:5      | Reached skill level 2 in Ice Magic
  3800 | D:5      | Reached skill level 2 in Air Magic
  3800 | D:5      | Reached skill level 2 in Earth Magic
  3800 | D:5      | Reached skill level 2 in Poison Magic
  3819 | D:5      | Reached skill level 9 in Polearms
  3932 | D:5      | Found Ririen's Assorted Antiques.
  3947 | D:5      | Reached skill level 3 in Invocations
  3950 | D:5      | Bought a scroll of identify for 52 gold pieces
  4009 | D:5      | You pick up a book of Burglary and begin reading...
  4009 | D:5      | You add the spells Passwall and Swiftness to your library.
  4297 | D:5      | Reached XP level 8. HP: 31/57 MP: 11/12
  4360 | D:5      | Learned a level 3 spell: Swiftness
  4430 | D:5      | Reached skill level 3 in Fighting
  4430 | D:5      | Reached skill level 3 in Short Blades
  4430 | D:5      | Reached skill level 3 in Axes
  4430 | D:5      | Reached skill level 3 in Maces & Flails
  4430 | D:5      | Reached skill level 3 in Staves
  4430 | D:5      | Reached skill level 3 in Slings
  4430 | D:5      | Reached skill level 3 in Bows
  4430 | D:5      | Reached skill level 3 in Crossbows
  4430 | D:5      | Reached skill level 3 in Throwing
  4430 | D:5      | Reached skill level 4 in Armour
  4430 | D:5      | Reached skill level 3 in Shields
  4430 | D:5      | Reached skill level 3 in Unarmed Combat
  4430 | D:5      | Reached skill level 3 in Spellcasting
  4430 | D:5      | Reached skill level 3 in Evocations
  4462 | D:5      | Reached ** piety under Yredelemnul
  4572 | D:5      | Found Beqih's Magic Scroll Emporium.
  4573 | D:5      | Found the amulet of the Air {Inacc Air Fly rElec RMsl}
  4578 | D:5      | Found Fote's Jewellery Shoppe.
  4730 | D:5      | Reached skill level 4 in Stealth
  5416 | D:6      | Reached skill level 4 in Invocations
  5425 | D:6      | Reached skill level 3 in Conjurations
  5425 | D:6      | Reached skill level 3 in Hexes
  5425 | D:6      | Reached skill level 3 in Summonings
  5425 | D:6      | Reached skill level 3 in Necromancy
  5425 | D:6      | Reached skill level 3 in Translocations
  5425 | D:6      | Reached skill level 3 in Transmutations
  5425 | D:6      | Reached skill level 3 in Fire Magic
  5425 | D:6      | Reached skill level 3 in Ice Magic
  5425 | D:6      | Reached skill level 3 in Air Magic
  5425 | D:6      | Reached skill level 3 in Earth Magic
  5425 | D:6      | Reached skill level 3 in Poison Magic
  5436 | D:6      | Reached skill level 6 in Long Blades
  5436 | D:6      | Reached skill level 6 in Dodging
  5438 | D:6      | Reached XP level 9. HP: 40/65 MP: 7/14
  5455 | D:6      | Reached skill level 4 in Fighting
  5455 | D:6      | Reached skill level 4 in Short Blades
  5455 | D:6      | Reached skill level 4 in Axes
  5455 | D:6      | Reached skill level 4 in Maces & Flails
  5455 | D:6      | Reached skill level 4 in Staves
  5455 | D:6      | Reached skill level 4 in Slings
  5455 | D:6      | Reached skill level 4 in Bows
  5455 | D:6      | Reached skill level 4 in Crossbows
  5455 | D:6      | Reached skill level 4 in Throwing
  5455 | D:6      | Reached skill level 4 in Shields
  5455 | D:6      | Reached skill level 4 in Unarmed Combat
  5455 | D:6      | Reached skill level 4 in Spellcasting
  5455 | D:6      | Reached skill level 4 in Evocations
  5535 | D:6      | You pick up a book of Party Tricks and begin reading...
  5535 | D:6      | You add the spells Apportation and Alistair's Intoxication
                  | to your library.
  5865 | D:7      | Reached skill level 5 in Armour
  5999 | D:7      | Reached skill level 5 in Stealth
  6236 | D:7      | Noticed a troll
  6242 | D:7      | Killed a troll
  6243 | D:7      | Reached skill level 5 in Invocations
  6315 | D:7      | Noticed a hornet
  6324 | D:7      | Paralysed by a hornet for 1 turns
  6325 | D:7      | Killed a hornet
  6326 | D:7      | Reached skill level 4 in Conjurations
  6326 | D:7      | Reached skill level 4 in Hexes
  6326 | D:7      | Reached skill level 4 in Summonings
  6326 | D:7      | Reached skill level 4 in Necromancy
  6326 | D:7      | Reached skill level 4 in Translocations
  6326 | D:7      | Reached skill level 4 in Transmutations
  6326 | D:7      | Reached skill level 4 in Fire Magic
  6326 | D:7      | Reached skill level 4 in Ice Magic
  6326 | D:7      | Reached skill level 4 in Air Magic
  6326 | D:7      | Reached skill level 4 in Earth Magic
  6326 | D:7      | Reached skill level 4 in Poison Magic
  6326 | D:7      | Reached XP level 10. HP: 43/73 MP: 11/17
  6426 | D:7      | Reached skill level 5 in Fighting
  6426 | D:7      | Reached skill level 5 in Short Blades
  6426 | D:7      | Reached skill level 5 in Axes
  6426 | D:7      | Reached skill level 5 in Maces & Flails
  6426 | D:7      | Reached skill level 5 in Staves
  6426 | D:7      | Reached skill level 5 in Slings
  6426 | D:7      | Reached skill level 5 in Bows
  6426 | D:7      | Reached skill level 5 in Crossbows
  6426 | D:7      | Reached skill level 5 in Throwing
  6426 | D:7      | Reached skill level 5 in Shields
  6426 | D:7      | Reached skill level 5 in Unarmed Combat
  6426 | D:7      | Reached skill level 5 in Spellcasting
  6426 | D:7      | Reached skill level 5 in Evocations
  6477 | D:7      | Noticed a two-headed ogre
  6485 | D:7      | HP: 18/74 [two-headed ogre/+0 giant spiked club (6)]
  6620 | D:8      | Reached skill level 10 in Polearms
  6781 | D:8      | Noticed Pikel
  6791 | D:8      | Killed Pikel
  6792 | D:8      | Reached skill level 7 in Long Blades
  6792 | D:8      | Reached skill level 7 in Dodging
  6912 | D:8      | Noticed a manticore
  6923 | D:8      | Killed a manticore
  6924 | D:8      | Reached skill level 6 in Armour
  7009 | D:8      | Reached skill level 6 in Stealth
  7068 | D:8      | Found the +2 ratskin cloak {*Rats rPois rN+ Str-1 Int-1
                  | Dex+1}
  7384 | D:9      | Reached skill level 6 in Invocations
  7384 | D:9      | HP: 18/74 [yak (8)]
  7496 | D:9      | Noticed a two-headed ogre
  7509 | D:9      | HP: 16/76 [two-headed ogre/+0 giant club (22)]
  7509 | D:9      | Slain by a two-headed ogre

Vanquished Creatures
  Pikel (D:8)
  A manticore (D:8)
  A troll (D:7)
  A hornet (D:7)
  7 yaks
  Pargi (D:4)
  2 sky beasts (D:7)
  3 ice beasts
  2 black bears
  An ogre (D:5)
  A centaur (D:6)
  A phantom (D:6)
  3 kobold brigands
  6 bullfrogs
  4 scorpions
  3 wights
  10 killer bees
  2 jellies
  6 hounds
  2 orc priests
  Jessica (D:2)
  4 iguanas
  5 orc wizards
  Robin (D:2)
  5 adders
  7 gnolls
  A white imp (D:6)
  An ufetubus (D:4)
  4 worms
  2 dart slugs (D:1)
  10 orcs
  8 ball pythons
  4 bats
  7 endoplasms
  6 giant cockroaches
  17 goblins
  4 hobgoblins
  3 jackals (D:1)
  5 quokkas
  4 frilled lizards
  18 kobolds
  6 rats
181 creatures vanquished.

Vanquished Creatures (collateral kills)
  A steam dragon (D:7)
  A water moccasin (D:5)
  An orc warrior (D:7)
  An ogre (D:5)
  2 wights (D:7)
  3 howler monkeys
  A hound (D:5)
  An adder (D:5)
  4 orcs
  2 kobolds (D:8)
17 creatures vanquished.

Vanquished Creatures (others)
  2 yak zombies (D:9)
  A bullfrog zombie (D:6)
  A scorpion zombie (D:5)
  2 killer bee zombies (D:8)
  A sky beast zombie (D:7)
  A hound zombie (D:4)
  A ball python zombie (D:4)
  2 gnoll zombies (D:5)
  A kobold zombie (D:7)
  4 orc zombies
  A quokka zombie (D:5)
  3 plants (D:2)
20 creatures vanquished.

Grand Total: 218 creatures vanquished

Table legend:
 A = Non-vault XP
 B = Vault XP
 C = Vault XP percentage of total XP
 D = Non-vault monster count
 E = Vault monster count
 F = Vault count percentage of total count
                 A         B        C        D         E       F
            +---------+---------+-------+---------+---------+-------
      Total |    6312 |    2442 |  27.9 |     159 |      39 |  19.7
            +---------+---------+-------+---------+---------+-------
        D:1 |      36 |       0 |   0.0 |      18 |       0 |   0.0
        D:2 |      26 |     119 |  82.1 |      13 |      24 |  64.9
        D:3 |     149 |       0 |   0.0 |      21 |       0 |   0.0
        D:4 |      79 |     134 |  62.9 |      14 |       1 |   6.7
        D:5 |     987 |       0 |   0.0 |      17 |       0 |   0.0
        D:6 |     783 |     490 |  38.5 |      18 |       6 |  25.0
        D:7 |    1582 |    1058 |  40.1 |      34 |       7 |  17.1
        D:8 |    2046 |     641 |  23.9 |      21 |       1 |   4.5
        D:9 |     624 |       0 |   0.0 |       3 |       0 |   0.0
            +---------+---------+-------+---------+---------+-------

Illustrated notes

Table legend:
 A = Kills in this place as a percentage of kills in entire the game.
 B = Kills by you in this place as a percentage of kills by you in the entire game.
 C = Kills by friends in this place as a percentage of kills by friends in the entire game.
 D = Other kills in this place as a percentage of other kills in the entire game.
 E = Experience gained in this place as a percentage of experience gained in the entire game.
 F = Experience gained in this place divided by the number of levels of this place that you have seen.
                   A       B       C       D       E      F
               +-------+-------+-------+-------+-------+----------------------
         Total | 100.0 | 100.0 | 100.0 |   N/A | 100.0 | 875.4
       Dungeon | 100.0 | 100.0 | 100.0 |   N/A | 100.0 | 972.7
               +-------+-------+-------+-------+-------+----------------------

Table legend: (Time is in decaauts)
 A = Elapsed time spent in this place.
 B = Non-inter-level travel time spent in this place.
 C = Inter-level travel time spent in this place.
 D = Time resting spent in this place.
 E = Time spent auto-exploring this place.
 F = Levels seen in this place.
 G = Mean time per level.
                   A        B        C        D        E       F      G
               +--------+--------+--------+--------+--------+-----+--------+
         Total |   8136 |   7762 |    374 |    405 |   6036 |  10 |  813.6 |
       Dungeon |   7965 |   7602 |    363 |    405 |   5921 |   9 |  885.0 |
        Temple |    170 |    159 |     11 |      0 |    115 |   1 |  170.0 |
               +--------+--------+--------+--------+--------+-----+--------+

Top non-repeatable levels by time:
     D:5: 1505 daAuts
     D:6: 1209 daAuts
     D:2: 1102 daAuts
     D:8: 974 daAuts
     D:4: 912 daAuts
     D:7: 812 daAuts
     D:3: 795 daAuts
     D:1: 534 daAuts
  Temple: 170 daAuts
     D:9: 118 daAuts
